 Dungeon Crawl Stone Soup version 0.28.0-45-g0d030f2227 (webtiles) character file.

Game seed: 2855255838811755463

15187 Vadrig the Severer (level 12, 0/119 HPs)
             Began as a Hill Orc Fighter on Apr 7, 2022.
             Was an Elder of the Shining One.
             Slain by a fire giant
             ... wielding a +1 great sword of flaming
              (12 damage)
             ... on level 12 of the Dungeon.
             The game lasted 00:52:32 (13944 turns).

Vadrig the Severer (Hill Orc Fighter)              Turns: 13944, Time: 00:52:33

Health: 0/119      AC: 11    Str: 24    XL:     12   Next: 24%
Magic:  29/34      EV: 15    Int: 14    God:    the Shining One [****..]
Gold:   678        SH:  9    Dex: 10    Spells: 11/11 levels left

rFire   . . .      SeeInvis .   v - +1 war axe of Fedhas's Grace {speed, *Slow rPois MP+9 Stlth+}
rCold   + + +      Faith    .   c - +0 buckler
rNeg    + + .      Spirit   .   t - +1 scale mail of Miracles {Rampage Drain rC+++ MP+9}
rPois   +          Reflect  +   j - +2 helmet
rElec   .          Harm     .   O - scarf {shadows}
rCorr   .          Rampage  +   (no gloves)
Will    .....                   (no boots)
Stlth   +.........              u - amulet of reflection
HPRegen 0.29/turn               o - +4 ring of evasion
MPRegen 0.24/turn               S - +6 ring of intelligence

@: glowing
A: no striking features
a: Renounce Religion, Divine Shield, Cleansing Flame


You were on level 12 of the Dungeon.
You worshipped the Shining One.
The Shining One was greatly pleased with you.
You visited 2 branches of the dungeon, and saw 14 of its levels.
You also visited: Sewer.

You collected 699 gold pieces.
You spent 21 gold pieces at shops.


   Skills:
 + Level 15.0 Fighting
 + Level 16.1 Axes
 - Level 3.2 Armour
 - Level 6.0 Dodging
 - Level 3.2 Shields
 + Level 6.0 Invocations


You had 11 spell levels left.
You didn't know any spells.
Your spell library contained the following spells:

 Spells                   Type           Power      Damage    Failure   Level
 Foxfire                  Conj/Fire      0%         2x1d4     67%         1
 Freeze                   Ice            0%         1d3       67%         1
 Magic Dart               Conj           0%         1d3       67%         1
 Pain                     Necr           0%         1d4       67%         1
 Summon Small Mammal      Summ           0%         N/A       67%         1
 Call Imp                 Summ           0%         N/A       80%         2
 Ensorcelled Hibernation  Hex/Ice        0%         N/A       80%         2
 Passwall                 Tmut/Erth      0%         N/A       80%         2
 Call Canine Familiar     Summ           0%         N/A       95%         3
 Conjure Flame            Conj/Fire      0%         6-21      95%         3
 Frozen Ramparts          Ice            0%         1d2       95%         3
 Inner Flame              Hex/Fire       0%         N/A       95%         3
 Mephitic Cloud           Conj/Pois/Air  0%         N/A       95%         3
 Summon Guardian Golem    Hex/Summ       0%         N/A       95%         3
 Swiftness                Air            0%         N/A       95%         3
 Flame Wave               Conj/Fire      0%         2d4       100%        4
 Hailstorm                Conj/Ice       0%         3d3       100%        4
 Agony                    Necr           0%         N/A       100%        5
 Excruciating Wounds      Necr           0%         N/A       100%        5


Dungeon Overview and Level Annotations

Branches:
Dungeon (13/15)            Temple (1/1) D:7            Lair (0/6) D:10
    Orc (0/2) D:10          Sewer (visited)
 Vaults: D:13-14

Altars:
Ashenzari
Cheibriados
Dithmenos
Elyvilon
Fedhas
Gozag
Hepliaklqana
Kikubaaqudgha
Makhleb
Nemelex Xobeh
Okawaru
Qazlal
Ru
Sif Muna
Trog
Uskayaw
Vehumet
Wu Jian
Xom
Yredelemnul
Zin
The Shining One

Shops:
D:8 *

Portals:
Abyss: D:7

Annotations:
D:7 2 transporters, bargaw's ghost, novice GnBe
D:10 3 runed translucent doors, CryoSword's ghost, journeyman VSEn; dangdung's ghost, journeyman OpTm

Inventory:

Hand Weapons
 a - the +3 flail of Donniduv {flame, rC+ rCorr}
   (You found it on level 4 of the Dungeon)

   It burns those it strikes, dealing additional fire damage.
   rC:        It protects you from cold.
   rCorr:     It protects you from acid and corrosion.
 b - a +0 hand axe of freezing
   (You found it on level 3 of the Dungeon)
 h - a +2 battleaxe of freezing
   (You took it off a frost giant on level 12 of the Dungeon)
 v - the +1 war axe of Fedhas's Grace (weapon) {speed, *Slow rPois MP+9 Stlth+}
   (You found it on level 4 of the Dungeon)

   Attacks with this weapon are significantly faster.
   rPois:     It protects you from poison.
   MP:        It affects your magic capacity (+9).
   *Slow:     It may slow you when you take damage.
   Stlth:     It makes you more stealthy.
 A - a +0 shortbow
   (You took it off a centaur on level 7 of the Dungeon)
 L - a +4 spear of freezing
   (You took it off a wight on level 10 of the Dungeon)
Missiles
 s - 212 arrows
 F - a curare-tipped dart (quivered)
 K - 4 throwing nets {!f}
Armour
 c - a +0 buckler (worn)
 j - a +2 helmet (worn)
   (You found it on level 2 of the Dungeon)
 t - the +1 scale mail of Miracles (worn) {Rampage Drain rC+++ MP+9}
   (You took it off a hobgoblin on level 3 of the Dungeon)

   rC:        It renders you almost immune to cold.
   MP:        It affects your magic capacity (+9).
   Drain:     It drains your maximum health when unequipped.
   Rampage:   It bestows one free step when moving towards enemies.
 E - the +0 ring mail of Buitu {Rampage *Slow rC+ Slay+2}
   (You found it on level 9 of the Dungeon)

   Slay:      It affects your accuracy & damage with ranged weapons and melee
   (+2).
   rC:        It protects you from cold.
   *Slow:     It may slow you when you take damage.
   Rampage:   It bestows one free step when moving towards enemies.
 O - a scarf of shadows (worn)
   (You found it on level 10 of the Dungeon)
 P - +0 steam dragon scales
   (You found it on level 8 of the Dungeon)
Magical Staves
 U - a staff of earth
   (You found it on level 12 of the Dungeon)
Jewellery
 o - a +4 ring of evasion (left hand)
   (You found it on level 2 of the Dungeon)
 u - an amulet of reflection (around neck)
   (You found it on level 4 of the Dungeon)
 z - an amulet of reflection
   (You found it on level 8 of the Dungeon)
 S - a +6 ring of intelligence (right hand)
   (You found it on level 11 of the Dungeon)
Wands
 w - a wand of iceblast (3)
   (You found it on level 10 of the Dungeon)
 B - a wand of flame (20)
   (You found it on level 8 of the Dungeon)
 M - a wand of paralysis (7)
   (You found it on level 10 of the Dungeon)
Scrolls
 g - 8 scrolls of teleportation {@r4}
 l - a scroll of blinking {unknown}
 m - a scroll of fear {unknown}
 p - 2 scrolls of fog
 q - 2 scrolls of silence
 r - a scroll of acquirement
 y - a scroll of magic mapping {unknown}
 C - 2 scrolls of enchant weapon
 D - a scroll of enchant armour {unknown}
 H - 3 scrolls of immolation {!r}
 J - 2 scrolls of vulnerability {unknown}
 Q - a scroll of brand weapon {unknown}
 T - a scroll of holy word {unknown}
Potions
 d - 4 potions of might
 e - 3 potions of lignification {!q}
 f - a potion of flight {unknown}
 i - 5 potions of brilliance
 k - 2 potions of ambrosia {unknown}
 n - 6 potions of curing {@q1}
 x - a potion of mutation {unknown}
 G - 2 potions of attraction {unknown}
 I - 2 potions of cancellation
 N - a potion of invisibility {unknown}
 R - a potion of berserk rage {unknown}
Miscellaneous
 V - a box of beasts (inert)
   (You found it on level 12 of the Dungeon)

#.##########.#.#...## #..# #..
#............H#.##..# #..# #.8
###########..###.##.####..# #..
#.## ##.........# ##.
#..###.##.####.## #..
##...#.###.# #.# #8. ###
#..........####.# #.. ..#
#.....>.C†......########
#.########.(....@##########.<....
#..............#.# #.##.#.
#...........####.# #.##.#.
#.########.## #.# #.##.## #.# #.#
#.# #.##..# #.# #.# #.# #.###.#
#.# #.# #.# #.# #.# #.# #.# #.#
#######.# #.# #. #.#
#.####.......# #.#


You could see a fire giant.


Message History

You kill the frost giant!
Your Fighting skill increases to level 15!
Your Axes skill increases to level 16!
Your Invocations skill increases to level 6!
A fire giant comes into view.
It is wielding a +1 great sword of flaming.
Things that are here:
a +2 battleaxe of freezing; a frost giant corpse
h - a +2 battleaxe of freezing The fire giant gestures at you while chanting.
The bolt of fire hits you!
The fire giant points at you and mumbles some strange words.
The bolt of fire hits you! The fire giant casts a spell at you.
The bolt of fire hits you!!
* * * LOW HITPOINT WARNING * * *
The fire giant points at you and mumbles some strange words.
The fireball explodes!
The fireball engulfs you!!
* * * LOW HITPOINT WARNING * * *
The fireball engulfs the fire giant!
The fire giant resists.
You hear a deafening roar!
You hit the fire giant.
The fire giant is lightly wounded.
You hit the fire giant but do no damage.
The fire giant is lightly wounded.
The fire giant closely misses you.
You hit the fire giant.
The fire giant is lightly wounded.
You hit the fire giant but do no damage.
The fire giant is lightly wounded.
The fire giant hits you with a +1 great sword of flaming!
* * * LOW HITPOINT WARNING * * *
The fire giant burns you.
* * * LOW HITPOINT WARNING * * *
You slice the fire giant!!
The fire giant is moderately wounded.
You hit the fire giant.
The fire giant is moderately wounded.
The fire giant closely misses you.
You hit the fire giant but do no damage.
The fire giant is moderately wounded.
Activating: Cleansing Flame (32% risk of failure)
Press: ? - help, Dir - look around, f - activate Look: a fire giant, wielding a +1 great sword of flaming (moderately wounded, haloed)
The golden flame engulfs you but does no damage.
You resist.
The golden flame engulfs the fire giant.
The fire giant is moderately wounded.
You hear a shout! x2
The fire giant hits you with a +1 great sword of flaming!
You die...

Levels and vault maps discovered:
D:1:      roderic_chinese_lattice_arrival, layout_basic,
          hellmonk_ecumenical_altar_arch_garden
D:2:      layout_basic, minmay_randomly_rotated_circles
D:3:      layout_loops_ring, cheibrodos_sewer_entry_sluice, glass_columns_c,
          chequers_serial_rivers_micro_c, minmay_strange_pillars, uniq_sigmund
D:4:      layout_basic, gammafunk_ghost_arena
D:5:      minmay_evil_eye, layout_basic, amethyst_overflow_temple_binary,
          uniq_eustachio
D:6:      layout_rooms, nicolae_ru_path_of_blood, chequers_garden
D:7:      layout_loops_ring, mainiacjoe_overflow_tiny_flanked,
          minmay_temple_entry_offerings, gammafunk_ghost_abyssal_escape,
          chequers_arboretum, uniq_prince_ribbit1
D:8:      layout_rooms, serial_bayou, serial_bayou_ford_a, serial_bayou_pond_b,
          serial_bayou_pond_a, serial_bayou_pond_e, nicolae_shop_clearance
D:9:      layout_roguey
D:10:     layout_irregular_city, lair_entry_dummy, zombieorc2_lemuel,
          gammafunk_ghost_cemetery, uniq_harold
D:11:     layout_irregular_city
D:12:     minmay_guarded_unrand_guard, layout_loops_ring,
          nicolae_wu_jian_immortal_techniques
D:13:     layout_roguey, ximxim_vaults_locker_room, minivault_24
Temple:   mainiacjoe_temple_coin_purse

Vanquished Creatures
  A frost giant (D:12)
  An ettin (D:13)
  Harold (D:10)
  A boulder beetle (D:12)
  3 two-headed ogres
  A deep elf pyromancer (D:13)
  2 ugly things (D:12)
  An orc sorcerer (D:10)
  2 cyclopes
  2 manticores
  The ghost of Andrea the Covert, a novice GnDe (D:4)
  A gargoyle (D:12)
  An unseen horror (D:11)
  A kobold demonologist (D:11)
  2 freezing wraiths (D:12)
  Prince Ribbit (D:7)
  Sigmund (D:3)
  A shadow (D:11)
  2 vampires
  A wraith (D:10)
  A wyvern (D:10)
  Eustachio (D:5)
  A steam dragon (D:8)
  2 vampire mosquitoes (D:11)
  A two-headed ogre zombie (D:10)
  An acid dragon (D:11)
  2 water moccasins
  A hornet zombie (D:8)
  3 orc warriors
  An ice beast (D:5)
  3 sky beasts
  3 ogres
  8 centaurs
  A phantom (D:10)
  A kobold brigand (D:9)
  4 bullfrogs
  A water moccasin skeleton (D:5)
  3 killer bees (D:8)
  8 wights
  5 howler monkeys
  4 electric eels (D:8)
  4 centaur zombies
  3 jellies
  2 bullfrog zombies (D:5)
  A centaur skeleton (D:5)
  An orc priest (D:5)
  An iguana (D:4)
  6 orc wizards
  2 killer bee zombies
  7 ogre zombies (D:10)
  2 hound skeletons (D:4)
  4 gnolls (D:3)
  8 adders
  2 howler monkey skeletons
  3 river rats (Sewer)
  A shadow imp (D:3)
  A white imp (D:7)
  2 ufetubi
  3 worms
  2 dart slugs (D:1)
  16 orcs
  9 ball pythons
  7 bats
  7 endoplasms
  2 giant cockroaches (D:4)
  9 goblins
  8 hobgoblins
  10 jackals
  3 quokkas
  15 frilled lizards
  2 goblin zombies (D:10)
  7 hobgoblin zombies (D:10)
  12 kobolds
  3 orc skeletons (D:10)
  13 orc zombies (D:10)
  12 rats
272 creatures vanquished.

Vanquished Creatures (others)
  A vault guard (D:13)
  12 plants
13 creatures vanquished.

Grand Total: 285 creatures vanquished

Table legend: (Time is in decaauts)
 A = Elapsed time spent in this place.
 B = Non-inter-level travel time spent in this place.
 C = Inter-level travel time spent in this place.
 D = Time resting spent in this place.
 E = Time spent auto-exploring this place.
 F = Levels seen in this place.
 G = Mean time per level.
                   A        B        C        D        E       F      G
               +--------+--------+--------+--------+--------+-----+--------+
         Total |  13881 |  13316 |    565 |   2713 |   5615 |  15 |  925.4 |
       Dungeon |  13434 |  12869 |    565 |   2713 |   5531 |  13 | 1033.4 |
        Temple |    115 |    115 |      0 |      0 |     84 |   1 |  115.0 |
         Sewer |    331 |    331 |      0 |      0 |      0 |   1 |  331.0 |
               +--------+--------+--------+--------+--------+-----+--------+

Top non-repeatable levels by time:
     D:8: 1974 daAuts
     D:4: 1366 daAuts
    D:10: 1360 daAuts
     D:5: 1178 daAuts
     D:7: 1104 daAuts
     D:2: 1054 daAuts
     D:1: 922 daAuts
    D:11: 881 daAuts
     D:6: 855 daAuts
     D:3: 785 daAuts
    D:12: 759 daAuts
     D:9: 707 daAuts
    D:13: 483 daAuts
   Sewer: 331 daAuts
  Temple: 115 daAuts

Table legend:
 A = Kills in this place as a percentage of kills in entire the game.
 B = Kills by you in this place as a percentage of kills by you in the entire game.
 C = Kills by friends in this place as a percentage of kills by friends in the entire game.
 D = Other kills in this place as a percentage of other kills in the entire game.
 E = Experience gained in this place as a percentage of experience gained in the entire game.
 F = Experience gained in this place divided by the number of levels of this place that you have seen.
                   A       B       C       D       E      F
               +-------+-------+-------+-------+-------+----------------------
         Total | 100.0 | 100.0 |   N/A |   N/A | 100.0 | 1446.5
       Dungeon |  93.4 |  93.4 |   N/A |   N/A |  99.6 | 1661.9
         Sewer |   6.6 |   6.6 |   N/A |   N/A |   0.4 |  92.0
               +-------+-------+-------+-------+-------+----------------------

Notes
Turn   | Place    | Note
-------+----------+-------------------------------------------
     0 | D:1      | Vadrig the Hill Orc Fighter began the quest for the Orb.
     0 | D:1      | Reached XP level 1. HP: 19/19 MP: 1/1
   133 | D:1      | Found a faded altar of an unknown god.
   139 | D:1      | Reached skill level 3 in Axes
   142 | D:1      | Reached XP level 2. HP: 24/27 MP: 2/2
   304 | D:1      | Reached skill level 4 in Fighting
   683 | D:1      | Reached skill level 1 in Dodging
   687 | D:1      | Reached XP level 3. HP: 31/33 MP: 3/3
  1219 | D:2      | Reached XP level 4. HP: 40/41 MP: 4/4
  1243 | D:2      | Reached skill level 4 in Axes
  1786 | D:2      | Reached XP level 5. HP: 47/47 MP: 5/5
  1927 | D:3      | Noticed Sigmund
  1937 | D:3      | Reached skill level 2 in Dodging
  1946 | D:3      | Killed Sigmund
  1947 | D:3      | Reached skill level 5 in Fighting
  1947 | D:3      | Reached skill level 5 in Axes
  1947 | D:3      | Reached XP level 6. HP: 40/56 MP: 6/6
  2013 | D:3      | Found a glowing drain.
  2047 | Sewer    | Entered a sewer
  2511 | D:3      | Reached skill level 3 in Dodging
  2547 | D:3      | Reached skill level 6 in Fighting
  2559 | D:3      | Identified the +1 scale mail of Miracles {Rampage Drain
                  | rC+++ MP+9}
  2978 | D:4      | Reached skill level 6 in Axes
  2978 | D:4      | Reached XP level 7. HP: 62/63 MP: 7/7
  3138 | D:4      | Found a transporter.
  3175 | D:4      | Found a transporter.
  3178 | D:4      | Noticed Andrea's ghost (novice GnDe)
  3221 | D:4      | Identified the +3 flail of Donniduv {flame, rC+ rCorr}
  4053 | D:4      | Identified the +1 war axe of Fedhas's Grace {speed, *Slow
                  | rPois MP+9 Stlth+}
  4207 | D:5      | Entered Level 5 of the Dungeon
  4265 | D:5      | Reached skill level 7 in Axes
  4340 | D:5      | Reached skill level 7 in Fighting
  4340 | D:5      | Reached skill level 4 in Dodging
  4340 | D:5      | Reached XP level 8. HP: 73/73 MP: 8/8
  4452 | D:5      | Noticed Eustachio
  4490 | D:5      | Killed Eustachio
  4491 | D:5      | Reached skill level 8 in Axes
  4614 | D:5      | Found a sparkling altar of Nemelex Xobeh.
  4614 | D:5      | Found a shadowy altar of Dithmenos.
  4841 | D:5      | Identified a scroll of acquirement
  4937 | D:5      | Reached skill level 8 in Fighting
  4951 | D:5      | Reached skill level 5 in Dodging
  5444 | D:6      | Found a sacrificial altar of Ru.
  5529 | D:6      | Reached XP level 9. HP: 82/82 MP: 9/9
  5724 | D:6      | Noticed a manticore
  5736 | D:6      | HP: 19/82 [manticore (2)]
  5738 | D:6      | Killed a manticore
  5739 | D:6      | Reached skill level 9 in Fighting
  5739 | D:6      | Reached skill level 9 in Axes
  6203 | D:4      | Killed Andrea's ghost
  6520 | D:7      | Found a transporter.
  6526 | D:7      | Found a one-way gate to the infinite horrors of the Abyss.
  6526 | D:7      | Noticed bargaw's ghost (novice GnBe)
  6527 | D:7      | Noticed a brown ugly thing
  6539 | D:7      | Found a transporter.
  6623 | D:7      | Found a glowing golden altar of the Shining One.
  6631 | D:7      | Became a worshipper of the Shining One
  6677 | D:7      | Noticed Prince Ribbit
  6691 | D:7      | Killed Prince Ribbit
  6692 | D:7      | Reached skill level 10 in Axes
  6692 | D:7      | Reached skill level 6 in Dodging
  6851 | D:7      | Found a staircase to the Ecumenical Temple.
  6875 | Temple   | Entered the Ecumenical Temple
  7511 | D:8      | Reached skill level 10 in Fighting
  7733 | D:8      | Noticed a two-headed ogre
  7755 | D:8      | Killed a two-headed ogre
  7756 | D:8      | Reached skill level 11 in Axes
  7756 | D:8      | Reached XP level 10. HP: 69/94 MP: 10/10
  7790 | D:8      | Identified the +2 leather armour of Vexation {rF- rN++
                  | Int+6}
  8439 | D:9      | Reached skill level 11 in Fighting
  8449 | D:9      | Identified the +0 ring mail of Buitu {Rampage *Slow rC+
                  | Slay+2}
  8952 | D:9      | Noticed a two-headed ogre
  8959 | D:9      | Killed a two-headed ogre
  8960 | D:9      | Reached skill level 12 in Axes
  9073 | D:10     | Entered Level 10 of the Dungeon
  9073 | D:10     | Noticed a two-headed ogre
  9085 | D:10     | Killed a two-headed ogre
  9086 | D:10     | Reached skill level 12 in Fighting
  9253 | D:10     | You fall into a shaft and drop 3 floors!
  9254 | D:13     | Noticed a cyclops
  9255 | D:13     | Noticed a deep elf pyromancer
  9264 | D:13     | Killed a cyclops
  9265 | D:13     | Reached skill level 13 in Axes
  9269 | D:13     | Killed a deep elf pyromancer
  9324 | D:12     | Noticed a gargoyle
  9340 | D:12     | Killed a gargoyle
  9341 | D:12     | Reached XP level 11. HP: 106/106 MP: 11/11
  9382 | D:11     | Reached * piety under the Shining One
  9390 | D:11     | Reached skill level 13 in Fighting
  9475 | D:10     | Noticed Harold
  9482 | D:10     | Reached skill level 14 in Axes
  9497 | D:10     | Killed Harold
  9782 | D:10     | Found a staircase to the Lair.
  9924 | D:10     | Found a staircase to the Orcish Mines.
  9955 | D:10     | Reached ** piety under the Shining One
  9978 | D:10     | Noticed an orc sorcerer
 10007 | D:10     | Killed an orc sorcerer
 10031 | D:10     | Reached *** piety under the Shining One
 10246 | D:10     | Found a runed translucent gate.
 10247 | D:10     | Found a runed translucent gate.
 10248 | D:10     | Found a runed translucent gate.
 10255 | D:10     | Noticed dangdung's ghost (journeyman OpTm)
 10255 | D:10     | Reached **** piety under the Shining One
 10255 | D:10     | Noticed dangdung's ghost (journeyman OpTm)
 10255 | D:10     | Noticed CryoSword's ghost (journeyman VSEn)
 11212 | D:8      | Found Weugruf's CLEARANCE SALE!.
 11523 | D:8      | Bought a scroll of teleportation for 21 gold pieces
 12029 | D:11     | Reached skill level 14 in Fighting
 12029 | D:11     | Reached skill level 15 in Axes
 12086 | D:11     | Reached skill level 1 in Invocations
 12183 | D:11     | Noticed a cyclops
 12189 | D:11     | Killed a cyclops
 12319 | D:11     | Reached skill level 2 in Invocations
 12759 | D:12     | Noticed a boulder beetle
 12777 | D:12     | Killed a boulder beetle
 12778 | D:12     | Reached skill level 3 in Invocations
 13126 | D:12     | Found an ornate altar of the Wu Jian Council.
 13406 | D:12     | Noticed a green ugly thing
 13406 | D:12     | Noticed a manticore
 13406 | D:12     | Noticed an ettin
 13416 | D:12     | Noticed a cyan ugly thing
 13432 | D:12     | Killed a green ugly thing
 13433 | D:12     | Reached skill level 4 in Invocations
 13437 | D:12     | Killed a green ugly thing
 13438 | D:12     | Reached XP level 12. HP: 83/118 MP: 15/15
 13449 | D:12     | HP: 10/118 [ettin/+0 dire flail (36)]
 13454 | D:12     | Noticed a frost giant
 13455 | D:12     | HP: 25/118 [ettin/+0 dire flail (13)]
 13460 | D:12     | HP: 20/118 [ettin/+0 dire flail (6)]
 13472 | D:13     | The Shining One protects you from harm!
 13479 | D:13     | Killed an ettin
 13480 | D:13     | Reached skill level 5 in Invocations
 13613 | D:13     | Killed a vault guard
 13928 | D:12     | Killed a frost giant
 13929 | D:12     | Reached skill level 15 in Fighting
 13929 | D:12     | Reached skill level 16 in Axes
 13929 | D:12     | Reached skill level 6 in Invocations
 13929 | D:12     | Noticed a fire giant
 13936 | D:12     | HP: 25/119 [fire giant/fireball (29)]
 13940 | D:12     | HP: 12/119 [fire giant/+1 great sword of flaming (13)]
 13944 | D:12     | Slain by a fire giant

Action                   |  1- 3 |  4- 6 |  7- 9 | 10-12 || total
-------------------------+-------+-------+-------+-------++-------
Melee: War axe           |    69 |   193 |   247 |   410 ||   919
       Hand axe          |       |    16 |    70 |       ||    86
Invok: Divine Shield     |       |       |       |     2 ||     2
       Cleansing Flame   |       |       |       |     2 ||     2
Evoke: Box of beasts     |       |       |       |     1 ||     1
  Use: Scroll            |       |     4 |     4 |     4 ||    12
       Potion            |       |       |       |     4 ||     4
Armor: Scale mail        |    29 |    92 |    66 |    40 ||   227
Dodge: Dodged            |    34 |   135 |   147 |   135 ||   451
Block: Buckler           |    19 |    42 |    80 |   115 ||   256
       Reflection        |       |       |       |    12 ||    12
